| TOP OF THE 1ST |
|
Los Angeles (NYP) Dodgers batting - Pitching for State College Spikes : LHP Jake Hall
|
|
Pitching: LHP Jake Hall
|
|
|
Batting: SHB Alex Noval
|
0-0: Foul Ball, location: 2F 0-1: Ball 1-1: Called Strike 1-2: Ball 2-2: Foul Ball, location: 2F 2-2: Ball 3-2: Strikes out swinging
|
|
Batting: RHB Adam Maczko
|
0-0: Swinging Strike 0-1: Swinging Strike 0-2: Strikes out swinging
|
|
Batting: RHB Manny Mendoza
|
0-0: Called Strike 0-1: Ball 1-1: Foul Ball, location: 2F 1-2: Ball 2-2: Fly out, F3 (Line Drive, 3L, EV 71.9 MPH)
|
| Top of the 1st over - 0 runs, 0 hits, 0 errors, 0 left on base; Los Angeles (NYP) 0 - State College 0 |
| BOTTOM OF THE 1ST |
|
State College Spikes batting - Pitching for Los Angeles (NYP) Dodgers : RHP Jose Sandoval
|
|
Pitching: RHP Jose Sandoval
|
|
|
Batting: RHB Robby Hickman
|
0-0: Called Strike 0-1: Ball 1-1: Ball 2-1: Swinging Strike 2-2: Ball 3-2: Strikes out swinging
|
|
Batting: RHB Bobby Miles
|
0-0: Ball 1-0: Ground out 5-3 (Groundball, 56S, EV 68.1 MPH)
|
|
Batting: LHB Ignacio Ocampo
|
0-0: Ball 1-0: Ball 2-0: Called Strike 2-1: Swinging Strike 2-2: Strikes out looking
|
| Bottom of the 1st over - 0 runs, 0 hits, 0 errors, 0 left on base; Los Angeles (NYP) 0 - State College 0 |
| TOP OF THE 2ND |
|
Los Angeles (NYP) Dodgers batting - Pitching for State College Spikes : LHP Jake Hall
|
|
Batting: RHB Brad Brady
|
0-0: Foul Ball, location: 2F 0-1: Fly out, F9 (Flyball, 89M, EV 89.4 MPH)
|
|
Batting: RHB Juan Gallegos
|
0-0: Swinging Strike 0-1: Called Strike 0-2: Ball 1-2: Ball 2-2: Foul Ball, location: 2F 2-2: Ball 3-2: Foul Ball, location: 2F 3-2: Foul Ball, location: 2F 3-2: Foul Ball, location: 2F 3-2: Strikes out swinging
|
|
Batting: LHB Fernão Manta
|
0-0: Ball 1-0: Swinging Strike 1-1: Ball 2-1: Called Strike 2-2: Strikes out swinging
|
| Top of the 2nd over - 0 runs, 0 hits, 0 errors, 0 left on base; Los Angeles (NYP) 0 - State College 0 |
| BOTTOM OF THE 2ND |
|
State College Spikes batting - Pitching for Los Angeles (NYP) Dodgers : RHP Jose Sandoval
|
|
Batting: SHB Gerardo Macias
|
0-0: Ground out 1-3 (Groundball, 25, EV 74.4 MPH)
|
|
Batting: RHB Tommy Tracy
|
0-0: Ball 1-0: Ground out 5-3 (Groundball, 56S, EV 69.4 MPH)
|
|
Batting: LHB Ken Morehead
|
0-0: Called Strike 0-1: Ball 1-1: Swinging Strike 1-2: Strikes out swinging
|
| Bottom of the 2nd over - 0 runs, 0 hits, 0 errors, 0 left on base; Los Angeles (NYP) 0 - State College 0 |
| TOP OF THE 3RD |
|
Los Angeles (NYP) Dodgers batting - Pitching for State College Spikes : LHP Jake Hall
|
|
Batting: SHB Josh Vaill
|
0-0: Ball 1-0: Ball 2-0: Ground out 5-3 (Groundball, 56S, EV 93.1 MPH)
|
|
Batting: RHB Bob Magana
|
0-0: Foul Ball, location: 2F 0-1: Ball 1-1: Ball 2-1: Ball 3-1: Foul Ball, location: 2F 3-2: SINGLE (Line Drive, 9S, EV 105.6 MPH)
|
|
Batting: LHB Bobby Gambrell
|
0-0: Ball 1-0: Called Strike 1-1: Called Strike 1-2: Fly out, F7 (Flyball, 7, EV 82.5 MPH)
|
|
Batting: SHB Alex Noval
|
0-0: Ball 1-0: Ball 2-0: Ball 3-0: Called Strike 3-1: Foul Ball, location: 2F 3-2: Base on Balls Bob Magana to second
|
|
Batting: RHB Adam Maczko
|
0-0: Foul Ball, location: 2F 0-1: SINGLE (Groundball, 34D, EV 98.8 MPH) Bob Magana to third Alex Noval to second Runner from 3rd tries for Home, SAFE, throw by RF to home
|
|
Batting: RHB Manny Mendoza
|
0-0: Swinging Strike 0-1: Swinging Strike 0-2: Foul Ball, location: 2F 0-2: Ball 1-2: Strikes out swinging
|
| Top of the 3rd over - 1 run, 2 hits, 0 errors, 2 left on base; Los Angeles (NYP) 1 - State College 0 |
| BOTTOM OF THE 3RD |
|
State College Spikes batting - Pitching for Los Angeles (NYP) Dodgers : RHP Jose Sandoval
|
|
Batting: SHB Justin Towry
|
0-0: Ball 1-0: Called Strike 1-1: Foul Ball, location: 2F 1-2: Strikes out swinging
|
|
Batting: RHB Richard Riggs
|
0-0: SINGLE (Groundball, 34D, EV 97.5 MPH)
|
|
Batting: RHB Julio Sandoval
|
0-0: Ball 1-0: Called Strike 1-1: Ball 2-1: Ball 3-1: Swinging Strike 3-2: Base on Balls Richard Riggs to second
|
|
Batting: RHB Robby Hickman
|
0-0: Foul Ball, location: 2F 0-1: Ball 1-1: Foul Ball, location: 2F 1-2: Ball 2-2: Fielders Choice at 2nd, 6-4 (Groundball, 6, EV 84.4 MPH) Richard Riggs to third
|
|
Batting: RHB Bobby Miles
|
0-0: Called Strike 0-1: Ball 1-1: Ground out 1-3 (Groundball, 13S, EV 71.2 MPH)
|
| Bottom of the 3rd over - 0 runs, 1 hit, 0 errors, 2 left on base; Los Angeles (NYP) 1 - State College 0 |
| TOP OF THE 4TH |
|
Los Angeles (NYP) Dodgers batting - Pitching for State College Spikes : LHP Jake Hall
|
|
Batting: RHB Brad Brady
|
0-0: Ball 1-0: Reached on error, E2 (Groundball, 13S, EV 71.2 MPH)
|
|
Batting: RHB Juan Gallegos
|
0-0: Called Strike 0-1: Called Strike 0-2: Grounds into double play, 1-6-3 (Groundball, 34S, EV 71.2 MPH)
|
|
Batting: LHB Fernão Manta
|
0-0: Called Strike 0-1: Ball 1-1: Swinging Strike 1-2: Foul Ball, location: 2F 1-2: Ball 2-2: Strikes out swinging
|
| Top of the 4th over - 0 runs, 0 hits, 1 error, 0 left on base; Los Angeles (NYP) 1 - State College 0 |
| BOTTOM OF THE 4TH |
|
State College Spikes batting - Pitching for Los Angeles (NYP) Dodgers : RHP Jose Sandoval
|
|
Batting: LHB Ignacio Ocampo
|
0-0: Fly out, F7 (Flyball, 78M, EV 98.1 MPH)
|
|
Batting: SHB Gerardo Macias
|
0-0: Foul Ball, location: 2F 0-1: Called Strike 0-2: Ball 1-2: SOLO HOME RUN (Flyball, 89XD, EV 104.4 MPH), Distance : 401 ft
|
|
Batting: RHB Tommy Tracy
|
0-0: Foul Ball, location: 2F 0-1: Ball 1-1: Foul Ball, location: 2F 1-2: Ground out 5-3 (Groundball, 56S, EV 81.9 MPH)
|
|
Batting: LHB Ken Morehead
|
0-0: Called Strike 0-1: Ball 1-1: Called Strike 1-2: Strikes out swinging
|
| Bottom of the 4th over - 1 run, 1 hit, 0 errors, 0 left on base; Los Angeles (NYP) 1 - State College 1 |
| TOP OF THE 5TH |
|
Los Angeles (NYP) Dodgers batting - Pitching for State College Spikes : LHP Jake Hall
|
|
Batting: SHB Josh Vaill
|
0-0: Ball 1-0: Ground out U3 (Groundball, 34, EV 105.0 MPH)
|
|
Batting: RHB Bob Magana
|
0-0: Ball 1-0: Swinging Strike 1-1: Foul Ball, location: 2F 1-2: Ball 2-2: Foul Ball, location: 2F 2-2: Foul Ball, location: 2F 2-2: Strikes out swinging
|
|
Batting: LHB Bobby Gambrell
|
0-0: Ball 1-0: Ball 2-0: Called Strike 2-1: Foul Ball, location: 2F 2-2: Ball 3-2: SINGLE (Groundball, 34D, EV 103.1 MPH)
|
|
Batting: SHB Alex Noval
|
0-0: Called Strike Bobby Gambrell is caught stealing 2nd base 2-4
|
| Top of the 5th over - 0 runs, 1 hit, 0 errors, 0 left on base; Los Angeles (NYP) 1 - State College 1 |
| BOTTOM OF THE 5TH |
|
State College Spikes batting - Pitching for Los Angeles (NYP) Dodgers : RHP Jose Sandoval
|
|
Batting: SHB Justin Towry
|
0-0: Foul Ball, location: 2F 0-1: Swinging Strike 0-2: Ball 1-2: SINGLE (Groundball, 25, EV 72.5 MPH) (infield hit)
|
|
Batting: RHB Richard Riggs
|
0-0: Called Strike 0-1: SINGLE (Groundball, 6S, EV 68.8 MPH) (infield hit) Justin Towry to second
|
|
Batting: RHB Julio Sandoval
|
0-0: Foul Ball, location: 2F 0-1: Foul Ball, location: 2F 0-2: Ball 1-2: Strikes out swinging
|
|
Batting: RHB Robby Hickman
|
0-0: Called Strike 0-1: Foul Ball, location: 2F 0-2: Ball 1-2: Ball 2-2: Strikes out swinging
|
|
Batting: RHB Bobby Miles
|
0-0: Ball 1-0: Ball 2-0: Fly out, F8 (Flyball, 89D, EV 79.4 MPH)
|
| Bottom of the 5th over - 0 runs, 2 hits, 0 errors, 2 left on base; Los Angeles (NYP) 1 - State College 1 |
| TOP OF THE 6TH |
|
Los Angeles (NYP) Dodgers batting - Pitching for State College Spikes : LHP Jake Hall
|
|
Pitching: LHP Paul Fuller
|
|
|
Batting: SHB Alex Noval
|
0-0: Ball 1-0: Called Strike 1-1: SINGLE (Line Drive, 9S, EV 93.8 MPH)
|
|
Batting: RHB Adam Maczko
|
0-0: Called Strike 0-1: Foul Ball, location: 2F 0-2: Ball 1-2: Strikes out looking
|
|
Batting: RHB Manny Mendoza
|
0-0: Ball 1-0: Called Strike Alex Noval steals 2nd base 1-1: Ground out 3-1 (Groundball, 34S, EV 66.2 MPH) Alex Noval to third
|
|
Batting: RHB Brad Brady
|
0-0: Ball 1-0: SINGLE (Flyball, 78M, EV 83.1 MPH) Alex Noval scores
|
|
Batting: RHB Juan Gallegos
|
0-0: SINGLE (Groundball, 4, EV 97.5 MPH) Brad Brady to second Runner from 2nd tries for 3rd, SAFE, no throw by RF
|
|
Batting: LHB Fernão Manta
|
0-0: Called Strike 0-1: Ball 1-1: Fielders Choice at 2nd, U4 (Groundball, 4M, EV 84.4 MPH)
|
| Top of the 6th over - 1 run, 3 hits, 0 errors, 2 left on base; Los Angeles (NYP) 2 - State College 1 |
| BOTTOM OF THE 6TH |
|
State College Spikes batting - Pitching for Los Angeles (NYP) Dodgers : RHP Jose Sandoval
|
|
Batting: LHB Ignacio Ocampo
|
0-0: Called Strike 0-1: Ball 1-1: Ball 2-1: Ball 3-1: Base on Balls
|
|
Batting: SHB Gerardo Macias
|
0-0: Ball Ignacio Ocampo steals 2nd base 1-0: Ball 2-0: Swinging Strike 2-1: Ball 3-1: Base on Balls
|
|
Batting: RHB Tommy Tracy
|
0-0: Called Strike 0-1: Swinging Strike 0-2: Ball 1-2: Ball 2-2: Ball 3-2: Foul Ball, location: 2F 3-2: Strikes out swinging
|
|
Batting: LHB Ken Morehead
|
0-0: Ball 1-0: Ball Ignacio Ocampo steals 3rd base 2-0: Ball 3-0: Called Strike 3-1: Called Strike 3-2: Fly out, F8 (Flyball, 89XD, EV 80.0 MPH) Runner from 3rd tags up, SCORES, no throw by CF
|
|
Pitching: RHP Angel Rivas
|
|
|
Batting: SHB Justin Towry
|
0-0: Ball 1-0: Ball 2-0: Called Strike 2-1: Ball Wild Pitch! Gerardo Macias to second 3-1: Swinging Strike 3-2: Base on Balls
|
|
Batting: RHB Richard Riggs
|
0-0: Called Strike 0-1: Ground out 5-3 (Groundball, 56, EV 102.5 MPH)
|
| Bottom of the 6th over - 1 run, 0 hits, 0 errors, 2 left on base; Los Angeles (NYP) 2 - State College 2 |
| TOP OF THE 7TH |
|
Los Angeles (NYP) Dodgers batting - Pitching for State College Spikes : LHP Paul Fuller
|
|
Batting: SHB Josh Vaill
|
0-0: Fly out, F9 (Flyball, 9LM, EV 92.5 MPH)
|
|
Batting: RHB Bob Magana
|
0-0: Ball 1-0: Foul Ball, location: 2F 1-1: Foul Ball, location: 2F 1-2: Foul Ball, location: 2F 1-2: Ground out 6-3 (Groundball, 6, EV 99.4 MPH)
|
|
Batting: LHB Bobby Gambrell
|
0-0: Ball 1-0: SINGLE (Line Drive, 78M, EV 105.0 MPH)
|
|
Batting: SHB Alex Noval
|
0-0: Called Strike 0-1: Ball 1-1: Ball 2-1: Ball 3-1: Swinging Strike 3-2: Strikes out swinging
|
| Top of the 7th over - 0 runs, 1 hit, 0 errors, 1 left on base; Los Angeles (NYP) 2 - State College 2 |
| BOTTOM OF THE 7TH |
|
State College Spikes batting - Pitching for Los Angeles (NYP) Dodgers : RHP Angel Rivas
|
|
Batting: RHB Julio Sandoval
|
0-0: Called Strike 0-1: Swinging Strike 0-2: Ball 1-2: Strikes out swinging
|
|
Batting: RHB Robby Hickman
|
0-0: Called Strike 0-1: Ball 1-1: Ball 2-1: Ball 3-1: Base on Balls
|
|
Batting: RHB Bobby Miles
|
0-0: Called Strike Robby Hickman is caught stealing 2nd base 2-4 0-1: Foul Ball, location: 2F 0-2: Foul Ball, location: 2F 0-2: Strikes out looking
|
| Bottom of the 7th over - 0 runs, 0 hits, 0 errors, 0 left on base; Los Angeles (NYP) 2 - State College 2 |
| TOP OF THE 8TH |
|
Los Angeles (NYP) Dodgers batting - Pitching for State College Spikes : LHP Paul Fuller
|
|
Batting: RHB Adam Maczko
|
0-0: SINGLE (Groundball, 34S, EV 71.2 MPH) (infield hit)
|
|
Batting: RHB Manny Mendoza
|
0-0: Called Strike 0-1: Swinging Strike 0-2: Strikes out swinging
|
|
Batting: RHB Brad Brady
|
0-0: Called Strike 0-1: Ball 1-1: Called Strike 1-2: Foul Ball, location: 2F 1-2: Ball 2-2: Foul Ball, location: 2F 2-2: Strikes out swinging
|
|
Pitching: LHP Nick Suggett
|
|
|
Batting: RHB Juan Gallegos
|
0-0: Ball 1-0: Called Strike 1-1: Ball 2-1: Ball Wild Pitch! Adam Maczko to second 3-1: Base on Balls
|
|
Pinch Runner at 2nd Chad Rojas:
|
|
|
Pinch Hitting: RHB Tommy Hunter
|
0-0: Ball 1-0: Fielders Choice at 2nd, 6-4 (Groundball, 56, EV 106.2 MPH)
|
| Top of the 8th over - 0 runs, 1 hit, 0 errors, 2 left on base; Los Angeles (NYP) 2 - State College 2 |
| BOTTOM OF THE 8TH |
|
State College Spikes batting - Pitching for Los Angeles (NYP) Dodgers : RHP Angel Rivas
|
|
Now in LF: Alex Mejia
|
|
|
Batting: LHB Ignacio Ocampo
|
0-0: Called Strike 0-1: Foul Ball, location: 2F 0-2: Foul Ball, location: 2F 0-2: Ball 1-2: Strikes out swinging
|
|
Batting: SHB Gerardo Macias
|
0-0: Ball 1-0: Ball 2-0: Called Strike 2-1: Ball 3-1: Swinging Strike 3-2: Base on Balls
|
|
Pitching: RHP Balinda Msrah
|
|
|
Batting: RHB Tommy Tracy
|
0-0: Ball 1-0: Ball 2-0: Ball 3-0: Called Strike 3-1: Base on Balls Gerardo Macias to second
|
|
Batting: LHB Ken Morehead
|
0-0: Ball 1-0: Swinging Strike 1-1: Ball 2-1: Ball 3-1: DOUBLE (Flyball, 89D, EV 95.6 MPH) Gerardo Macias scores Tommy Tracy to third Runner from 3rd tries for Home, SAFE, throw by CF to trailing runner, SAFE at third!
|
|
Batting: SHB Justin Towry
|
0-0: Intentional Walk
|
|
Batting: RHB Richard Riggs
|
0-0: Called Strike Justin Towry steals 2nd base 0-1: Swinging Strike 0-2: Foul Ball, location: 2F 0-2: TRIPLE (Groundball, 5D, EV 97.5 MPH) Ken Morehead scores Justin Towry scores
|
|
Pitching: RHP Nick Vigh
|
|
|
Batting: RHB Julio Sandoval
|
0-0: Foul Ball, location: 2F 0-1: Ball 1-1: Foul Ball, location: 2F 1-2: Ball 2-2: Foul Ball, location: 2F 2-2: Foul Ball, location: 2F 2-2: Ball 3-2: Base on Balls
|
|
Batting: RHB Robby Hickman
|
0-0: Fly out, F8 (Flyball, 78S, EV 79.4 MPH)
|
|
Batting: RHB Bobby Miles
|
0-0: Swinging Strike 0-1: Foul Ball, location: 2F 0-2: Ball 1-2: Strikes out swinging
|
| Bottom of the 8th over - 4 runs, 2 hits, 0 errors, 2 left on base; Los Angeles (NYP) 2 - State College 6 |
| TOP OF THE 9TH |
|
Los Angeles (NYP) Dodgers batting - Pitching for State College Spikes : LHP Nick Suggett
|
|
Batting: SHB Josh Vaill
|
0-0: Ball 1-0: Ball 2-0: Fly out, F8 (Flyball, 8LS, EV 79.4 MPH)
|
|
Batting: RHB Bob Magana
|
0-0: Called Strike 0-1: Called Strike 0-2: Ball 1-2: Strikes out swinging
|
|
Batting: LHB Bobby Gambrell
|
0-0: Ball 1-0: Called Strike 1-1: Ball 2-1: Foul Ball, location: 2F 2-2: SINGLE (Groundball, 4M, EV 96.9 MPH)
|
|
Batting: SHB Alex Noval
|
0-0: Ball 1-0: Called Strike 1-1: Swinging Strike 1-2: Foul Ball, location: 2F 1-2: Strikes out swinging
|
| Top of the 9th over - 0 runs, 1 hit, 0 errors, 1 left on base; Los Angeles (NYP) 2 - State College 6 |
|